Cogmind - Beta 12 @@@ ROGUE MODE // 2023.04.12 @ 09:34:46 Player: Hekatonkheires Result: Destroyed by G-47 Trooper with Particle Gun Performance ------------- Evolutions (0) 0 Regions Visited (2) 400 Robots Destroyed (30) 150 Value Destroyed (715) 715 Prototype IDs (0) 0 Alien Tech Used (0) 0 Bonus (0) 0 TOTAL SCORE: 1265 Bonus ------- None Cogmind --------- Core Integrity 0/250 Matter 131/300 Energy 250/250 System Corruption 0% Temperature Cool (9) Movement Walking (260) Ox2 Location -10/Mines Parts ------- > --- POWER (1) -------- Ion Engine > --- PROPULSION (2) --- Aluminum Leg Aluminum Leg > --- UTILITY (2) ------ High-capacity Storage Unit Weapon Shielding > --- WEAPON (2) ------- Light Assault Rifle Light Assault Rifle > --- INVENTORY (20) --- Light Ion Engine Light Ion Engine Aluminum Leg Aluminum Leg Wheel Wheel Heat Sink Heat Sink Heat Sink Improved Heat Sink Large Matter Pod (150) Signal Interpreter Small Laser Light Assault Rifle Grenade Launcher Grenade Launcher Peak State ------------ > --- POWER ------------ Ion Engine > --- PROPULSION ------- Light Treads Light Treads > --- UTILITY ---------- Improved Heat Sink Large Storage Unit > --- WEAPON ----------- Medium Laser Light Assault Rifle > --- INVENTORY -------- Light Ion Engine Light Ion Engine Aluminum Leg Aluminum Leg Aluminum Leg Wheel Wheel Small Storage Unit Signal Interpreter EM Pulse Gun [Rating: 10] Favorites ----------- Power Ion Engine Engine Ion Engine Propulsion Light Treads Treads Light Treads Leg Aluminum Leg Wheel Wheel Utility Improved Heat Sink Device Improved Heat Sink Storage Large Storage Unit Protection Weapon Shielding Weapon Beam Cannon Energy Gun Medium Laser Energy Cannon Beam Cannon Ballistic Gun Light Assault Rifle Launcher Grenade Launcher Build | -11 -10 -10 ------- Run | Jun Mat Min Slots Evolved . | . . . Power . | . . . Propulsion . | . . . Utility . | . . . Weapon . | . . . Parts Attached 29 | 7 7 15 Power 4 | 1 1 2 Engine 4 | 1 1 2 Core . | . . . Reactor . | . . . Propulsion 6 | 2 1 3 Treads 2 | 2 . . Leg 3 | . . 3 Wheel 1 | . 1 . Hover . | . . . Flight . | . . . Utility 6 | 1 3 2 Device 1 | . 1 . Storage 3 | 1 2 . Processor . | . . . Hackware . | . . . Protection 2 | . . 2 Artifact . | . . . Weapon 13 | 3 2 8 Energy Gun 2 | 2 . . Energy Cannon 3 | . 2 1 Ballistic Gun 5 | 1 . 4 Ballistic Cannon . | . . . Launcher 3 | . . 3 Special Weapon . | . . . Impact Weapon . | . . . Slashing Weapon . | . . . Piercing Weapon . | . . . Special Melee Weapon . | . . . Unidentified Prototypes . | . . . Parts Lost 8 | . 1 7 Power 2 | . . 2 Propulsion 3 | . 1 2 Utility 1 | . . 1 Weapon 2 | . . 2 Highest Loss Streak 5 | . 1 5 To Critical Strikes . | . . . Average Slot Usage (%) 95 | . 97 93 Engine 12 | . 14 9 Treads 16 | . 23 3 Leg 7 | . . 20 Wheel 3 | . 3 3 Device 8 | . 11 3 Storage 14 | . 14 14 Protection 4 | . . 10 Energy Gun 3 | . 5 . Energy Cannon 13 | . 16 6 Ballistic Gun 10 | . 5 17 Launcher 1 | . . 3 Naked Turns . | . . . Heaviest Build 54 | 14 52 54 Greatest Support 40 | 40 40 20 Greatest Overweight (x) 5 | 4 5 5 Average Overweight (x) 1 | . 1 3 Largest Inventory Capacity 20 | 8 20 20 Average Capacity 16 | 7 14 20 Most Carried 18 | 6 15 18 Average Carried 13 | 2 12 16 Final Capacity 20 | 8 20 20 Final Carried 16 | 6 15 16 Class Distribution -------------------- 100% | Mutant Dominant Class ---------------- Mutant | -10/Materials Mutant | -10/Mines Resources | -11 -10 -10 ----------- Run | Jun Mat Min Matter Collected 716 | 215 400 101 Remotely . | . . . Salvage Created 948 | . 678 270 Parts 52 | . 33 19 Haulers Intercepted 2 | . 2 . Recyclers Shooed . | . . . Parts Field Recycled . | . . . Retrieved Matter . | . . . Parts Self-Destructed . | . . . Prevented . | . . . Kills | -11 -10 -10 ------- Run | Jun Mat Min Combat Hostiles Destroyed 24 | . 13 11 Guns 9 | . 6 3 Cannons 9 | . 7 2 AOE 6 | . . 6 Classes Destroyed 5 | . 4 1 Worker 1 | . . 1 Hauler 2 | . 2 . Watcher 3 | . 3 . Swarmer 9 | . 3 6 Grunt 15 | . 10 5 Best Kill Streak 5 | . 3 5 Combat Bots Only 5 | . 3 5 Max Kills in Single Turn 3 | . 1 3 Gunslinging . | . . . Exploded 3 | . . 3 Melee . | . . . Uniques/NPCs Destroyed . | . . . Combat | -11 -10 -10 -------- Run | Jun Mat Min Damage Taken 1468 | . 502 966 Core 258 | . 84 174 Absorbed by Shields . | . . . Redirected to Shielding 43 | . . 43 Core Remaining (%) 100 | 100 . . Volleys Fired 89 | . 56 33 Largest 2 | . 2 2 Hottest 120 | . 120 120 Shots Fired 170 | . 105 65 Gun 111 | . 70 41 Cannon 48 | . 35 13 Launcher 11 | . . 11 Special . | . . . Kinetic 76 | . 35 41 Thermal 83 | . 70 13 Explosive 11 | . . 11 Electromagnetic . | . . . Robot Hit Streak 19 | . 11 19 Robot Miss Streak 3 | . 3 2 Penetration Max . | . . . Secondary Targets . | . . . Shots Hit Robots 107 | . 66 41 Core Hits 50 | . 27 23 Critical Kills . | . . . Critical Parts Destroyed . | . . . Critical Strikes 4 | . 4 . Burn 4 | . 4 . Melee Attacks . | . . . Impact . | . . . Slashing . | . . . Piercing . | . . . Sneak Attacks . | . . . Combat Hostiles . | . . . Follow-up Attacks . | . . . Damage Inflicted 1579 | . 854 725 Guns 730 | . 489 241 Cannons 503 | . 363 140 Explosions 339 | . . 339 Melee . | . . . Ramming 7 | . 2 5 Kinetic 419 | . 178 241 Thermal 814 | . 674 140 Explosive 339 | . . 339 Electromagnetic . | . . . Impact . | . . . Slashing . | . . . Piercing . | . . . Highest Corruption . | . . . Average Corruption . | . . . Corruption Purged . | . . . Corruption Blocked . | . . . Overload Shots . | . . . Overflow Damage 35 | . . 35 Projectiles . | . . . Explosions 35 | . . 35 Melee . | . . . Knockbacks . | . . . Impact . | . . . Kinetic . | . . . Secondary . | . . . Self-Inflicted Damage 23 | . . 23 Shots 1 | . . 1 Rammed 1 | . 1 . Targets Rammed 3 | . 1 2 Kicked 2 | . . 2 Crushed . | . . . Highest Temperature 200 | . 189 200 Average Temperature 54 | . 55 50 Received Heat Transfer 387 | . 207 180 Siege Activations . | . . . Robots Corrupted . | . . . Combat Hostiles . | . . . Parts Fried . | . . . Impact Corruptions . | . . . Robots Melted . | . . . Combat Hostiles . | . . . Parts Melted 5 | . 4 1 Heat Transferred 2220 | . 1924 296 Parts Sabotaged . | . . . Parts Stolen . | . . . Parts Stripped . | . . . Power Chain Reactions . | . . . Missiles Intercepted . | . . . Alert | -11 -10 -10 ------- Run | Jun Mat Min Peak Influence 213 | . 213 183 Initial 39 | . . 39 Average 94 | . 84 125 Maximum Alert Level 1 | . 1 . Low Security (%) 93 | 100 88 100 Level 1 6 | . 11 . Level 2 . | . . . Level 3 . | . . . Level 4 . | . . . Level 5 . | . . . High Security . | . . . Max Security . | . . . Squads Dispatched 2 | . 2 . Investigation 1 | . 1 . Extermination . | . . . Reinforcement 1 | . 1 . Assault . | . . . Garrison . | . . . Intercept . | . . . Searches Triggered . | . . . Construction Impeded . | . . . Haulers Reinforced . | . . . Active Scanning Responses . | . . . Cargo Convoy Interrupts . | . . . Stealth | -11 -10 -10 --------- Run | Jun Mat Min Distress Signals . | . . . Communications Jammed . | . . . Distress Signals . | . . . Times Spotted 30 | . 18 12 Peak Tracking Total 4 | . 4 3 Tactical Retreats 1 | . . 1 Traps | -11 -10 -10 ------- Run | Jun Mat Min Traps Triggered 1 | . 1 . Indirectly . | . . . Trap Hack Attempts . | . . . Triggered . | . . . Disarmed . | . . . Reprogrammed . | . . . Reused . | . . . Traps Extracted . | . . . Installed . | . . . Triggered . | . . . Machines | -11 -10 -10 ---------- Run | Jun Mat Min Machines Disabled 2 | . 1 1 Max in Single Turn 1 | . 1 1 Machines Repaired . | . . . Machines Sabotaged . | . . . Overloaded Fab Kills . | . . . Hacking | -11 -10 -10 --------- Run | Jun Mat Min Machines Accessed 6 | . 6 . Terminals 6 | . 6 . Fabricators . | . . . Repair Stations . | . . . Recycling Units . | . . . Scanalyzers . | . . . Garrison Access . | . . . Total Hacks 16 | . 16 . Successful 8 | . 8 . Failed 8 | . 8 . Catastrophic 1 | . 1 . Database Lockouts . | . . . Manual 12 | . 12 . Terminals 16 | . 16 . Fabricators . | . . . Repair Stations . | . . . Recycling Units . | . . . Scanalyzers . | . . . Garrison Access . | . . . Terminal Hacks 5 | . 5 . Robot Analysis 3 | . 3 . Locate Traps 1 | . 1 . Zone Layout 1 | . 1 . Fabricator Hacks . | . . . Repair Station Hacks . | . . . Recycling Unit Hacks . | . . . Scanalyzer . | . . . Garrison Access Hacks . | . . . Unauthorized Hacks 3 | . 3 . Terminals 3 | . 3 . Botnet 2 | . 2 . Operators 1 | . 1 . Fabricators . | . . . Repair Stations . | . . . Recycling Units . | . . . Scanalyzers . | . . . Garrison Access . | . . . Data Cores Recovered . | . . . Used . | . . . Hacking Detections 6 | . 6 . Full Trace Events . | . . . Feedback Events . | . . . Feedback Blocked . | . . . Robot Schematics Acquired . | . . . Robots Built . | . . . Authchips . | . . . Time . | . . . Total Robot Build Rating . | . . . Part Schematics Acquired . | . . . Parts Built . | . . . Authchips . | . . . Time . | . . . Total Part Build Rating . | . . . Parts Repaired . | . . . Time . | . . . Parts Recycled . | . . . Recycled Matter . | . . . Retrieved Matter . | . . . Retrieved Components . | . . . Parts Scanalyzed . | . . . Part Schematics Acquired . | . . . Parts Damaged . | . . . Bothacking | -11 -10 -10 ------------ Run | Jun Mat Min Used RIF Installer . | . . . Robots Hacked . | . . . Non-combat . | . . . Combat . | . . . Robot Hacks Applied . | . . . Relay Couplers Released . | . . . Fabnet Peak Effective % . | . . . Robots Rewired . | . . . Allies Hacked . | . . . Hacks Repelled . | . . . Allies | -11 -10 -10 -------- Run | Jun Mat Min Total Allies . | . . . Largest Group . | . . . Highest-Rated Group . | . . . Highest-Rated Ally . | . . . Total Orders . | . . . Ally Attacks . | . . . Total Damage . | . . . Kills . | . . . Allies Corrupted . | . . . Allies Melted . | . . . Intel | -11 -10 -10 ------- Run | Jun Mat Min Robot Analysis Total 3 | . 3 . Derelict Logs Recovered . | . . . Drone Launches . | . . . Drone Recoveries . | . . . Exploration | -11 -10 -10 ------------- Run | Jun Mat Min Turns Passed 1913 | 95 1131 687 Spaces Moved 836 | 50 542 244 Core 8 | 8 . . Treads 364 | 42 322 . Legs 157 | . . 157 Wheels 307 | . 220 87 Hover . | . . . Flight . | . . . Fastest Speed 50 | 50 125 155 Average Speed 170 | 159 148 222 Slowest Speed 260 | 250 240 260 Overloaded Moves . | . . . Propulsion Burnouts . | . . . Robots Hopped . | . . . Cave-ins Triggered . | . . . Exploration Rate (%) 46 | 4 75 60 Regions Visited 2 Branch Regions 1 Pre-discovered Areas . | . . . Known Exits Taken . | . . . Unknown Exits Taken 2 | 1 1 . Scrap Searched . | . . . Spaces Dug . | . . . Terrain Destroyed 82 | . . 82 Melee . | . . . Projectile . | . . . AOE 82 | . . 82 Terrain Rammed . | . . . Walls Destroyed . | . . . Machines Disabled . | . . . Actions | -11 -10 -10 --------- Run | Jun Mat Min Total 1160 | 62 774 324 Wait 167 | . 145 22 Move 834 | 49 541 244 Hop . | . . . Pick Up 30 | 6 16 8 Fast Attach 7 | 6 1 . Attach 8 | . 1 7 Detach . | . . . Swap 14 | 1 5 8 Drop 8 | . 8 . Fire 89 | . 56 33 Melee . | . . . Ram . | . . . Kick 2 | . . 2 Crush 1 | . 1 . Escape Stasis . | . . . Rewire . | . . . Trap . | . . . Miscellaneous . | . . . Route ------- -11/Junkyard -10/Materials (discovered 3 exits: [*Mat x2] / [*Min]) -10/Mines History --------- Turn | Location | Event 23 | -11/Junkyard | Discovered new exit (range 15) 96 | -11/Junkyard | Entered Materials 301 | -10/Materials | Build established: Mutant 492 | -10/Materials | Discovered new exit (range 16) 615 | -10/Materials | Discovered new exit (range 10) 1007 | -10/Materials | Discovered new exit (range 5) 1227 | -10/Materials | Entered Mines 1399 | -10/Mines | Core integrity fell below 50% 1439 | -10/Mines | Lost 5 parts (1p1n1u2w) 1676 | -10/Mines | Core integrity fell below 20% 1914 | -10/Mines | Destroyed by G-47 Trooper with Particle Gun Last Messages --------------- 01772_ The unstable cave ceiling collapses. 01773_ K-01 Serf collects debris. 01785_ The unstable cave ceiling collapses. 01787_ K-01 Serf collects debris. 01789_ U-05 Engineer lays Concrete. 01791_ U-05 Engineer builds a Wall. 01837_ K-01 Serf collects debris. 01853_ T-07 Excavator is excavating. 01858_ K-01 Serf collects debris. 01861_ T-07 Excavator is excavating. 01865_ K-01 Serf collects debris. 01866_ T-07 Excavator is excavating. 01868_ K-01 Serf cleans the Laser Drill. 01870_ T-07 Excavator is excavating. 01872_ K-01 Serf collects debris. 01874_ T-07 Excavator is excavating. 01875_ K-01 Serf cleans the Laser Drill. 01888_ G-34 Mercenary destroyed. 01888_ Laser Drill disabled. 01908_ Aluminum Leg destroyed. Map ----- +----------------------------------------------------+ | | | | | | | | | | | | | | | | | | | | | | | | | | | ???????????????????????????????????????? | | ???????????????????????????????????????? | | ???????????????????????????????????????? | | ???????????????????????????????????????? | | ???????????????????????????????????????? | | ???????????????????????????????????????? | | ??????????#####????????????????????????? | | ??????????# #????????????????????????? | | ??????????# #????????????????????????? | | ???????????# #???????????#????????????? | | ???######### ######?????? ????????????? | | ??# = #?????? ????????????? | | ??# g%=@ #?????? ????????????? | | ??# """ """ " #?????? ????????????? | | ??#? """ """ """ #?????? ????????????? | | ?????""" """ """ #?????# #???????????? | | ??? ####??# #???????????? | | ??????"" """ """ #??# #???????????? | | ???????" """ """ #??# #???????????? | | ???????? """ """ # #??# #???????????? | | ????????? # #### #???????????? | | ???????? # ## #???????????? | | ????????############ # ##########??? | | ???????????????????## ##?? | | ????????????????????## #?? | | ?????????????????????## #?? | | ??????????????????????#### ##?? | | ?????????????????????????## ## #??? | | ??????????????????????????# ### #??? | | ??????????????????????????## #### #??? | | ???????????????????????????##### #??? | | ???????????????????????????????# ###??? | | ???????????????????????????????# #????? | | ???????????????????????????????# #????? | | ???????????????????????????????# #????? | | ???????????????????????######### #????? | | ???????????????????????# ####?? | +----------------------------------------------------+ Best States ------------- Heat Dissipation 39 Energy Generation 10 Energy Capacity 250 Matter Stores 300 Matter Capacity 300 Sight Range 16 Terrain Scan Density 10 Armor Coverage 150 Weapon Shielding 33 Evasion (%) 40 Recoil Reduction 2 Item Schematics ----------------- None Robot Schematics ------------------ None Fabricated ------------ Nothing Alien Tech Used ----------------- None Achievements -------------- None Challenges ------------ None Game ------ Seed EnhancedHardcellBattery Manual? 0 Play Time 00:23:56 Cumulative 39.3 hours Start 2023.04.12 @ 09:10:29 End 2023.04.12 @ 09:34:46 Sessions 1 Manual Loads 0 Difficulty Rogue Special Mode None Game No. 32 Rogue 32 Adventurer 0 Explorer 0 Win Type - Total 1 Types 1/0/0/0/0/0/0/0/0 Lore% 46 Gallery% 38 Achievement% 37 Wizard Run 0 Options --------- ASCII 0 Keyboard 0 Movement Numpad Keybinds 0 Fullscreen 1 Font 14/SmallcapsGlow Map View 84x54 Tactical HUD 1 Map Filters NONE Filters NONE Steam 1 RUN: 81502e95-3c76-41dc-b599-fac88dcb6101